General information
- name: BNet
- type: Ladder team game (AT/RT)
- host: Battle.net
- saver: GreyPumas
map: UpperKingdom
- players: 6
- length: 23:12
- speed: Fast
- version: 1.24 W3XP
- replay type: Public
» download(171 KB)
Players
team 1 (winner)
GreyPumas (
green | 90 APM | 2090 actions | 23:12)
8 Far Seer
3 Feral Spirit
3 Chain Lighting
1 Earth Quake
1 Far Sight
» actions
| Assign group hotkey | 73 | |
| Basic commands | 22 | |
| Build / train | 61 | |
| ESC pressed | 2 | |
| Enter build submenu | 34 | |
| Enter hero's abilities submenu | 8 | |
| Give item / drop item | 3 | |
| Right click | 1106 | |
| Select / deselect | 264 | |
| Select group hotkey | 437 | |
| Use ability | 80 | |
2090 total
» units
» upgrades
| Reinforced Defenses | 1 | |
| Envenomed Spears | 1 | |
| Ranged Weapons | 2 | |
| Armor | 2 | |
6 total
» buildings
| Altar of Storms | 2 | |
| Orc Burrow | 7 | |
| Barracks | 1 | |
| Voodoo Lounge | 1 | |
| Stronghold | 1 | |
| War Mill | 1 | |
| Watch Tower | 10 | |
| Fortress | 3 | |
| Beastiary | 3 | |
29 total
» build order
00:05 Altar of Storms
00:06 Altar of Storms
00:18 Orc Burrow
00:43 Barracks
01:29 Orc Burrow
02:11 Voodoo Lounge
03:10 Stronghold
03:51 Orc Burrow
04:16 War Mill
05:32 Watch Tower
05:33 Watch Tower
05:35 Watch Tower
06:30 Fortress
06:30 Fortress
07:05 Watch Tower
07:06 Watch Tower
07:06 Watch Tower
08:04 Watch Tower
08:05 Watch Tower
08:08 Watch Tower
08:09 Watch Tower
09:25 Beastiary
09:32 Beastiary
10:07 Orc Burrow
10:15 Orc Burrow
12:48 Beastiary
13:13 Orc Burrow
13:15 Orc Burrow
» items
| Orb of Lightning | 1 | |
| Lesser Clarity Potion | 4 | |
| Potion of Mana | 3 | |
| Scroll of Town Portal | 2 | |
| Healing Salve | 1 | |
11 total
LeTGoOfFeaR. (
pink | 72 APM | 1672 actions | 23:11)
3 Archmage
2 Blizzard
1 Brilliance Aura
2 Blood Mage
1 Flame Strike
1 Banish
» actions
| Assign group hotkey | 28 | |
| Basic commands | 40 | |
| Build / train | 105 | |
| Enter build submenu | 39 | |
| Enter hero's abilities submenu | 5 | |
| Give item / drop item | 2 | |
| Remove unit from queue | 4 | |
| Right click | 774 | |
| Select / deselect | 309 | |
| Select group hotkey | 236 | |
| Use ability | 130 | |
1672 total
» units
| Peasant | 32 | |
| Mortar Team | 8 | |
| Priest | -1 | |
| Sorceress | 3 | |
42 total
» upgrades
| Masonry | 3 | |
| Lumber Harvesting | 1 | |
| Sorceress Training | 2 | |
| Fragmentation Shards | 1 | |
7 total
» buildings
| Altar of Kings | 1 | |
| Farm | 14 | |
| Lumber Mill | 2 | |
| Scout Tower | 21 | |
| Guard Tower | 24 | |
| Arcane Vault | 1 | |
| Town Hall | 1 | |
| Blacksmith | 2 | |
| Keep | 1 | |
| Arcane Tower | 1 | |
| Workshop | 2 | |
| Arcane Sanctum | 2 | |
| Castle | 1 | |
73 total
» build order
00:09 Altar of Kings
00:13 Farm
00:20 Lumber Mill
00:39 Farm
01:00 Farm
01:09 Farm
01:18 Farm
01:38 Scout Tower
01:40 Scout Tower
01:41 Scout Tower
02:04 Guard Tower
02:10 Scout Tower
02:11 Scout Tower
02:31 Guard Tower
02:31 Guard Tower
02:32 Guard Tower
02:57 Guard Tower
02:57 Guard Tower
03:52 Guard Tower
03:56 Arcane Vault
04:00 Scout Tower
04:02 Scout Tower
04:14 Farm
04:18 Farm
04:21 Farm
04:22 Farm
04:24 Farm
04:37 Guard Tower
04:40 Scout Tower
05:21 Guard Tower
06:04 Scout Tower
06:05 Scout Tower
06:06 Scout Tower
06:08 Scout Tower
06:26 Guard Tower
06:29 Town Hall
06:31 Guard Tower
06:33 Guard Tower
06:36 Guard Tower
07:06 Scout Tower
07:10 Scout Tower
07:11 Scout Tower
07:12 Scout Tower
07:33 Guard Tower
07:50 Blacksmith
07:53 Farm
08:05 Guard Tower
08:05 Guard Tower
08:10 Keep
08:11 Arcane Tower
08:31 Scout Tower
08:33 Scout Tower
08:33 Scout Tower
08:48 Guard Tower
08:48 Guard Tower
09:05 Guard Tower
09:18 Lumber Mill
09:27 Guard Tower
09:49 Scout Tower
09:53 Guard Tower
09:54 Guard Tower
10:08 Farm
10:12 Scout Tower
10:15 Guard Tower
10:41 Guard Tower
11:01 Workshop
11:03 Workshop
11:06 Arcane Sanctum
11:36 Arcane Sanctum
13:31 Castle
13:33 Farm
13:33 Farm
22:54 Blacksmith
» items
| Lesser Clarity Potion | 3 | |
| Scroll of Regeneration | 4 | |
| Potion of Healing | 3 | |
| Scroll of Town Portal | 3 | |
| Potion of Mana | 2 | |
| Staff of Sanctuary | 1 | |
| Orb of Fire | 1 | |
17 total

»
TOBI_BLOWS (
orange | 71 APM | 1651 actions | 23:11)
5 Keeper of the Grove
3 Entangling Roots
2 Thorns Aura
» actions
| Assign group hotkey | 265 | |
| Basic commands | 175 | |
| Build / train | 95 | |
| ESC pressed | 1 | |
| Enter build submenu | 36 | |
| Enter hero's abilities submenu | 6 | |
| Remove unit from queue | 1 | |
| Right click | 574 | |
| Select / deselect | 326 | |
| Select group hotkey | 105 | |
| Use ability | 67 | |
1651 total
» units
| Wisp | 55 | |
| Huntress | 5 | |
| Chimaera | 15 | |
75 total
» upgrades
| Strength of the Wild | 3 | |
| Reinforced Hides | 2 | |
| Corrosive Breath | 1 | |
6 total
» buildings
| Altar of Elders | 1 | |
| Moon Well | 9 | |
| Hunter's Hall | 1 | |
| Ancient of War | 2 | |
| Ancient Protector | 12 | |
| Tree of Life | 1 | |
| Tree of Ages | 2 | |
| Tree of Eternity | 1 | |
| Ancient of Wind | 1 | |
| Chimaera Roost | 6 | |
36 total
» build order
00:03 Altar of Elders
00:04 Moon Well
01:14 Hunter's Hall
01:44 Ancient of War
02:09 Ancient of War
02:25 Moon Well
02:46 Moon Well
03:52 Moon Well
04:02 Ancient Protector
04:24 Ancient Protector
04:29 Ancient Protector
04:55 Ancient Protector
05:12 Ancient Protector
06:08 Ancient Protector
07:51 Tree of Life
07:54 Ancient Protector
07:58 Ancient Protector
08:02 Ancient Protector
08:24 Ancient Protector
10:17 Tree of Ages
10:18 Tree of Ages
10:28 Ancient Protector
11:28 Moon Well
12:50 Tree of Eternity
15:07 Ancient of Wind
16:13 Chimaera Roost
16:15 Chimaera Roost
16:46 Chimaera Roost
16:49 Chimaera Roost
17:32 Chimaera Roost
17:44 Chimaera Roost
18:26 Moon Well
18:32 Moon Well
21:15 Moon Well
21:28 Ancient Protector
22:49 Moon Well
team 2 (loser)
Elodil (
blue | 74 APM | 1717 actions | 23:07)
3 Death Knight
2 Death Coil
1 Unholy Aura
» actions
| Assign group hotkey | 2 | |
| Build / train | 67 | |
| Enter build submenu | 19 | |
| Enter hero's abilities submenu | 3 | |
| Remove unit from queue | 2 | |
| Right click | 1211 | |
| Select / deselect | 371 | |
| Select group hotkey | 18 | |
| Use ability | 24 | |
1717 total
» units
| Acolyte | 15 | |
| Ghoul | 2 | |
| Crypt Fiend | 36 | |
53 total
» upgrades
| Creature Attack | 1 | |
| Creature Carapace | 1 | |
| Web | 1 | |
3 total
» buildings
| Graveyard | 1 | |
| Ziggurat | 6 | |
| Crypt | 2 | |
| Altar of Darkness | 1 | |
| Halls of the Dead | 4 | |
| Necropolis | 1 | |
15 total
» build order
00:09 Graveyard
00:22 Ziggurat
00:35 Crypt
01:07 Altar of Darkness
01:25 Ziggurat
01:57 Crypt
03:04 Ziggurat
05:58 Ziggurat
10:21 Halls of the Dead
10:21 Halls of the Dead
10:22 Halls of the Dead
11:15 Ziggurat
11:17 Ziggurat
19:52 Necropolis
Gg4MeU (
purple | 65 APM | 1498 actions | 23:04)
5 Blademaster
2 Wind Walk
3 Critical Strike
4 Shadow Hunter
2 Hex
2 Healing Wave
» actions
| Assign group hotkey | 26 | |
| Basic commands | 1 | |
| Build / train | 59 | |
| Enter build submenu | 15 | |
| Enter hero's abilities submenu | 9 | |
| Give item / drop item | 2 | |
| Right click | 774 | |
| Select / deselect | 307 | |
| Select group hotkey | 255 | |
| Use ability | 50 | |
1498 total
» units
| Peon | 12 | |
| Grunt | 6 | |
| Tauren | 13 | |
| Spirit Walker | 6 | |
37 total
» upgrades
| Armor | 2 | |
| Spirit Walker Training | 2 | |
| Pulverize | 1 | |
| Melee Weapons | 2 | |
7 total
» buildings
| Altar of Storms | 1 | |
| Orc Burrow | 7 | |
| Barracks | 1 | |
| Voodoo Lounge | 1 | |
| Stronghold | 1 | |
| War Mill | 1 | |
| Fortress | 1 | |
| Spirit Lodge | 1 | |
| Tauren Totem | 2 | |
| Great Hall | 1 | |
17 total
» build order
00:11 Altar of Storms
00:14 Orc Burrow
00:29 Barracks
01:37 Orc Burrow
01:48 Voodoo Lounge
03:00 Stronghold
03:34 Orc Burrow
04:25 War Mill
05:41 Fortress
05:57 Orc Burrow
06:09 Spirit Lodge
08:03 Orc Burrow
08:06 Tauren Totem
08:08 Tauren Totem
09:25 Great Hall
10:27 Orc Burrow
14:03 Orc Burrow
» items
gosuasitgets (
yellow | 99 APM | 2298 actions | 23:10)
5 Demon Hunter
3 Mana Burn
2 Evasion
3 Naga Sea Witch
2 Frost Arrows
1 Forked Lightning
» actions
| Assign group hotkey | 334 | |
| Basic commands | 19 | |
| Build / train | 67 | |
| Enter build submenu | 16 | |
| Enter hero's abilities submenu | 8 | |
| Give item / drop item | 1 | |
| Right click | 1074 | |
| Select / deselect | 406 | |
| Select group hotkey | 337 | |
| Use ability | 36 | |
2298 total
» units
| Wisp | 17 | |
| Huntress | 10 | |
| Glaive Thrower | 6 | |
| Dryad | 2 | |
| Druid of the Claw | 2 | |
37 total
» upgrades
| Strength of the Moon | 1 | |
| Moon Armor | 1 | |
| Vorpal Blades | 1 | |
| Druid of the Claw Training | 2 | |
| Abolish Magic | 1 | |
| Upgrade Moon Glaive | 1 | |
7 total
» buildings
| Altar of Elders | 1 | |
| Moon Well | 6 | |
| Ancient of War | 2 | |
| Hunter's Hall | 1 | |
| Tree of Ages | 4 | |
| Tree of Eternity | 5 | |
| Ancient of Lore | 2 | |
| Tree of Life | 2 | |
23 total
» build order
00:04 Altar of Elders
00:06 Moon Well
00:49 Ancient of War
02:02 Hunter's Hall
02:24 Moon Well
02:33 Ancient of War
04:00 Tree of Ages
04:00 Tree of Ages
04:00 Tree of Ages
04:19 Moon Well
04:55 Moon Well
07:33 Tree of Eternity
07:33 Tree of Eternity
07:33 Tree of Eternity
08:46 Moon Well
09:42 Moon Well
10:40 Ancient of Lore
10:48 Ancient of Lore
17:30 Tree of Life
22:20 Tree of Life
» items
Chat log
(00:05 / Allies) TOBI_BLOWS: elf
(00:09 / Allies) GreyPumas: ROFL
(00:10 / Allies) TOBI_BLOWS: bs
(00:18 / Allies) TOBI_BLOWS: fuck bnet
(00:19 / Allies) GreyPumas: sarah
(00:21 / Allies) GreyPumas: wyv feed me
(00:21 / Allies) TOBI_BLOWS: i randomed
(00:22 / Allies) GreyPumas: lolol
(00:23 / Allies) TOBI_BLOWS: to not get elf
(00:25 / Allies) TOBI_BLOWS: WTF
(00:29 / Allies) TOBI_BLOWS: U THINK IM WORTHLESS/
(00:30 / Allies) GreyPumas: no
(00:36 / Allies) GreyPumas: we harrass until i have wyv rofl
(00:37 / Allies) GreyPumas: but nvm
(00:45 / Allies) GreyPumas: ill get gay grunts
(00:58 / Allies) TOBI_BLOWS: u better
(01:01 / All) GreyPumas: we break ourselves down
(01:07 / All) GreyPumas: and build ourselves up with disappointment
(01:13 / Allies) GreyPumas: scout retard
(01:28 / Allies) TOBI_BLOWS: l2
(01:29 / Allies) TOBI_BLOWS: maphack
(01:33 / Allies) LeTGoOfFeaR.: IM GOIN aoe
(01:36 / Allies) GreyPumas: :o
(01:38 / Allies) GreyPumas: k
(01:51 / All) TOBI_BLOWS: im black
(02:13 / Allies) GreyPumas: SHOP PLACEMENT WIN
(02:25 / Allies) GreyPumas: burrows gay
(02:33 / Allies) TOBI_BLOWS: wowza
(02:45 / Allies) LeTGoOfFeaR.: GET IT AWAY
(03:11 / All) TOBI_BLOWS: stop it
(03:14 / All) TOBI_BLOWS: NOWW
(03:18 / Allies) TOBI_BLOWS: pro
(03:18 / Allies) TOBI_BLOWS: hero
(03:41 / Allies) LeTGoOfFeaR.: MOVE
(03:54 / Allies) TOBI_BLOWS: lets
(03:55 / Allies) TOBI_BLOWS: proto?
(04:02 / Allies) GreyPumas: we cant decide that right now
(04:08 / Allies) TOBI_BLOWS: i can
(04:09 / Allies) LeTGoOfFeaR.: I CAN
(04:11 / Allies) TOBI_BLOWS: ROFL
(04:12 / Allies) GreyPumas: ROFL
(04:12 / Allies) GreyPumas: PROTO
(04:17 / Allies) TOBI_BLOWS: GOGOG
(04:20 / Allies) GreyPumas: no mill
(04:20 / Allies) GreyPumas: :o
(04:41 / Allies) TOBI_BLOWS: speed
(04:42 / Allies) TOBI_BLOWS: build that shit
(04:56 / Allies) LeTGoOfFeaR.: OJ
(04:58 / Allies) LeTGoOfFeaR.: HELP ME EXPAND
(05:05 / Allies) TOBI_BLOWS: yessir
(05:10 / Allies) LeTGoOfFeaR.: LETS DO THIS
(06:20 / Allies) TOBI_BLOWS: help me
(06:43 / Allies) LeTGoOfFeaR.: LUMBER ME
(06:56 / Allies) TOBI_BLOWS: help me
(06:56 / Allies) TOBI_BLOWS: hoes
(06:59 / Allies) GreyPumas: cmin
(07:01 / Allies) LeTGoOfFeaR.: COMMING
(07:03 / Allies) TOBI_BLOWS: :D
(07:49 / Allies) TOBI_BLOWS: movee
(08:05 / Allies) TOBI_BLOWS: built
(08:07 / Allies) TOBI_BLOWS: my base so good
(08:15 / Allies) GreyPumas: its ok
(08:19 / Allies) TOBI_BLOWS: even
(08:20 / Allies) TOBI_BLOWS: wisp
(08:21 / Allies) TOBI_BLOWS: cant get out
(08:22 / All) TOBI_BLOWS: LOL
(08:46 / Allies) TOBI_BLOWS: fac
(08:58 / Allies) GreyPumas: lvl 1 dk
(08:59 / Allies) GreyPumas: rofl
(09:27 / Allies) GreyPumas: wood me
(09:29 / Allies) LeTGoOfFeaR.: LUMBER ME
(09:40 / Allies) TOBI_BLOWS: this aint no picnic bitch
(09:56 / Allies) TOBI_BLOWS: BB
(10:11 / Allies) TOBI_BLOWS: ud
(10:12 / Allies) TOBI_BLOWS: still t1
(10:12 / Allies) TOBI_BLOWS: LOL
(10:18 / Allies) GreyPumas: STOP HACKING
(10:18 / Allies) GreyPumas: FUCKER
(10:22 / Allies) TOBI_BLOWS: it
(10:24 / Allies) TOBI_BLOWS: was
(10:24 / Allies) TOBI_BLOWS: a
(10:25 / Allies) TOBI_BLOWS: guess
(10:28 / Allies) GreyPumas: BULLSHIT ROFL
(10:31 / Allies) GreyPumas: IF HES T1 IM LEAVING
(10:38 / Allies) GreyPumas: WOLF ON A MISSION
(10:43 / Allies) LeTGoOfFeaR.: STFU
(10:45 / Allies) TOBI_BLOWS: dont
(10:45 / Allies) TOBI_BLOWS: leave
(10:46 / Allies) TOBI_BLOWS: -.-
(10:47 / Allies) LeTGoOfFeaR.: UR NOT LEAVING
(10:50 / Allies) GreyPumas: I KNOW
(10:54 / Allies) GreyPumas: BUT IM GONNA KILL SARAH
(10:54 / Allies) GreyPumas: LOL
(11:00 / Allies) TOBI_BLOWS: tehehehe
(11:15 / Allies) GreyPumas: LOL
(11:21 / Allies) GreyPumas: holy shit no cold toewr
(11:40 / Allies) TOBI_BLOWS: we
(11:41 / Allies) TOBI_BLOWS: need
(11:42 / Allies) TOBI_BLOWS: BM
(12:16 / All) TOBI_BLOWS: boats n hoes?
(12:38 / Allies) TOBI_BLOWS: gg
(13:23 / Allies) GreyPumas: FUCK THESE NERDS ROFL
(14:06 / Allies) GreyPumas: i make elf tp
(14:11 / Allies) TOBI_BLOWS: LOL
(14:16 / Allies) TOBI_BLOWS: get
(14:16 / Allies) TOBI_BLOWS: the
(14:19 / Allies) TOBI_BLOWS: THING
(14:20 / Allies) TOBI_BLOWS: FROM
(14:21 / Allies) TOBI_BLOWS: ARCANE
(14:23 / Allies) TOBI_BLOWS: SO U CAN SEE BM
(14:23 / Allies) TOBI_BLOWS: WITH
(14:24 / Allies) TOBI_BLOWS: TOWERS
(14:26 / Allies) LeTGoOfFeaR.: NOT TIER 3
(14:29 / Allies) TOBI_BLOWS: gg
(14:55 / All) TOBI_BLOWS: stop hacking nerds
(15:06 / Allies) GreyPumas: trade
(15:06 / Allies) GreyPumas: rofl
(15:41 / Allies) LeTGoOfFeaR.: ZOMG
(15:51 / Allies) TOBI_BLOWS: we
(15:52 / Allies) TOBI_BLOWS: lost
(16:32 / Allies) TOBI_BLOWS: no base trading
(16:33 / Allies) TOBI_BLOWS: here
(16:37 / Allies) GreyPumas: ROFL RAPED
(17:08 / Allies) GreyPumas: KILL THIS TOWER
(17:35 / Allies) GreyPumas: gold plz
(17:46 / Allies) GreyPumas: rofl
(17:47 / Allies) GreyPumas: im pro as fuck
(17:57 / Allies) TOBI_BLOWS: ist the
(17:58 / Allies) TOBI_BLOWS: p4k
(17:59 / Allies) TOBI_BLOWS: in u
(18:02 / Allies) GreyPumas: yep
(18:19 / Allies) LeTGoOfFeaR.: ON A MISSON
(18:20 / Allies) TOBI_BLOWS: ROFL
(18:23 / Allies) GreyPumas: LMAO
(18:24 / Allies) GreyPumas: WOW
(18:31 / Allies) GreyPumas: GOLD EM
(18:31 / Allies) LeTGoOfFeaR.: WHO
(18:32 / Allies) GreyPumas: LIKE 2000
(18:32 / Allies) LeTGoOfFeaR.: HALL
(18:33 / Allies) GreyPumas: ASSFUCK
(18:36 / Allies) GreyPumas: UD
(18:37 / Allies) LeTGoOfFeaR.: SHU DI DO
(18:38 / Allies) GreyPumas: get the UD
(18:40 / Allies) GreyPumas: and all acos
(18:41 / Allies) GreyPumas: and gg
(18:45 / Allies) LeTGoOfFeaR.: KK
(18:45 / Allies) GreyPumas: SARAH
(18:46 / Allies) GreyPumas: 2000 GOLD
(18:47 / Allies) GreyPumas: WOW
(18:47 / Allies) TOBI_BLOWS: ?
(18:49 / Allies) TOBI_BLOWS: 200
(18:51 / Allies) TOBI_BLOWS: FUCK OFF
(18:53 / Allies) GreyPumas: GIVE ME NOW
(18:54 / Allies) GreyPumas: U HAVE 5k
(18:55 / Allies) GreyPumas: FUCK U
(18:58 / Allies) TOBI_BLOWS: LOL
(19:16 / All) GreyPumas: GG BLUE
(19:18 / All) GreyPumas: PLAY AGAIN SOON
(19:23 / Allies) GreyPumas: 2 ACOS
(19:23 / All) TOBI_BLOWS: boats n hoes
(19:24 / Allies) GreyPumas: GET THEM
(19:25 / Allies) GreyPumas: WOW
(19:36 / Allies) GreyPumas: ILL GET IT
(19:45 / Allies) GreyPumas: ROFl
(19:47 / Allies) GreyPumas: LAST ACO
(19:47 / Allies) TOBI_BLOWS: gold me
(19:48 / Allies) GreyPumas: DOWN
(19:51 / Allies) TOBI_BLOWS: no
(19:51 / Allies) TOBI_BLOWS: its
(19:53 / Allies) TOBI_BLOWS: still alive
(19:57 / Allies) GreyPumas: MY WOLVES
(20:09 / Allies) GreyPumas: ROFL
(20:10 / All) GreyPumas: LAST ACO DOWN
(20:11 / Allies) TOBI_BLOWS: HALL
(20:12 / Allies) TOBI_BLOWS: HALL
(20:28 / All) GreyPumas: THAT HALL IS YOUR ONLY CHANCE OF SURVIVAL LOL
(20:28 / Allies) TOBI_BLOWS: nvm
(20:31 / Allies) GreyPumas: WATCH DK GET OWNED
(20:49 / All) GreyPumas: HALL DOWN ROFL
(20:54 / All) GreyPumas: DK DOWN
(20:58 / All) GreyPumas: FIENDS DOWN ROFL
(21:04 / All) TOBI_BLOWS: we're black
(21:05 / All) TOBI_BLOWS: Srory
(21:13 / All) GreyPumas: LEAVE NIOW
(21:39 / Allies) GreyPumas: COMING
(22:00 / Allies) GreyPumas: coming sarah
(22:04 / Allies) TOBI_BLOWS: noo
(22:05 / Allies) TOBI_BLOWS: bb
(22:06 / Allies) GreyPumas: nvm
(22:06 / Allies) GreyPumas: fag
(22:18 / Allies) GreyPumas: i had to kill one of my towers lol
(22:21 / Allies) LeTGoOfFeaR.: MEET
(22:22 / Allies) LeTGoOfFeaR.: END IT
(22:25 / Allies) LeTGoOfFeaR.: TOGETHER
(22:56 / Allies) TOBI_BLOWS: vamonos
(23:04 / All) GreyPumas: NICE BURROWS
(23:08 / Allies) GreyPumas: WOLVES > PEONS